 Dungeon Crawl Stone Soup version 0.26-a0-712-ga5a9c9c9d0 (webtiles) character file.

Game seed: 1173211876589092911

71404 mattiecakes the Protected (level 15, -3/123 HPs)
             Began as a Barachi Fighter on Nov 1, 2020.
             Was the Champion of Okawaru.
             Slain by Jorgrun
             ... wielding an uncursed staff of earth
              (8 damage)
             ... while petrified by Jorgrun
             ... on level 13 of the Dungeon on Nov 2, 2020.
             The game lasted 00:53:10 (21674 turns).

mattiecakes the Protected (Barachi Fighter)        Turns: 21674, Time: 00:53:10

Health: -3/123     AC: 22    Str: 20    XL:     15   Next: 36%
Magic:  23/23      EV: -1    Int: 14    God:    Okawaru [******]
Gold:   315        SH:  0    Dex: 34    Spells: 14/14 levels left

rFire    + . .     SeeInvis +   a - +8 war axe "Jelly's Curse" {vorpal, *Contam +Rage Dex+9 SInv}
rCold    + . .     Faith    .   K - +2 tower shield {rPois}
rNeg     + + +     Spirit   .   D - +0 plate armour
rPois    ∞         Reflect  +   o - +2 helmet {SInv}
rElec    .         Harm     .   r - +0 cloak
rCorr    .         Rampage  .   M - +2 pair of gloves of Wyitija {rPois SInv}
MR       +....                  (no boots)
Stlth    ..........             S - amulet "Xeh Xakle" {Reflect rC+ Int+8 SH+5}
HPRegen  0.00/turn              n - +6 ring of dexterity
MPRegen  0.18/turn              J - ring "Coebitot" {+Fly rF+ Str-4 Dex+7 Slay+4}

@: petrified, heroism, grasped by roots, constricted, studying Unarmed Combat,
slow
A: +LOS, swims, blurry vision 1, deformed body, deterioration 1, dopey 1,
screaming 1, slowness 1, inhibited regeneration, strong legs 2
a: Hop, Heroism, Finesse, Renounce Religion, Evoke Berserk Rage, Evoke Flight


You were on level 13 of the Dungeon.
You worshipped Okawaru.
Okawaru was exalted by your worship.
You visited 3 branches of the dungeon, and saw 20 of its levels.
You also visited: Gauntlet.

You collected 1665 gold pieces.
You spent 1350 gold pieces at shops.

Inventory:

Hand Weapons
 a - the +8 war axe "Jelly's Curse" (weapon) {vorpal, *Contam +Rage Dex+9 SInv}
   (You found it on level 6 of the Dungeon)

   It inflicts extra damage upon your enemies.
   It affects your dexterity (+9).
   It lets you see invisible.
   It lets you go berserk.
   It causes magical contamination when unequipped.
 b - a +2 demon whip of electrocution
 l - the +1 broad axe "Gaenoec" {vorpal, MR++}
   (Okawaru gifted it to you on level 5 of the Lair of Beasts)

   It inflicts extra damage upon your enemies.
   It affects your resistance to hostile enchantments.
Armour
 o - a +2 helmet of see invisible (worn)
 r - a +0 cloak (worn)
 D - a +0 plate armour (worn)
 K - a +2 tower shield of poison resistance (worn)
 M - the +2 pair of gloves of Wyitija (worn) {rPois SInv}
   (You found it on level 4 of the Lair of Beasts)

   It protects you from poison.
   It lets you see invisible.
Jewellery
 n - a +6 ring of dexterity (left hand)
 J - the ring "Coebitot" (right hand) {+Fly rF+ Str-4 Dex+7 Slay+4}
   (You found it in a Gauntlet)

   [ring of slaying]

   It affects your strength (-4).
   It affects your dexterity (+7).
   It affects your accuracy and damage with ranged weapons and melee attacks
   (+4).
   It protects you from fire.
   It lets you fly.
 O - an uncursed ring of positive energy {unknown}
 R - an uncursed ring of fire {unknown}
 S - the amulet "Xeh Xakle" (around neck) {Reflect rC+ Int+8 SH+5}
   (You bought it in a shop on level 10 of the Dungeon)

   [amulet of reflection]

   It shields you and reflects attacks.
   It affects your intelligence (+8).
   It protects you from cold.
   It affects your SH (+5).
Wands
 d - a wand of acid (6)
 h - a wand of polymorph (13)
 q - a wand of random effects (23)
 t - a wand of flame (43)
 u - a wand of iceblast (10)
 x - a wand of paralysis (20)
 A - a wand of digging (4)
 C - a wand of disintegration (16)
Scrolls
 f - 14 scrolls of remove curse
 g - 2 scrolls of magic mapping
 i - a scroll of fear
 j - 5 scrolls of enchant weapon
 k - 2 scrolls of blinking
 m - 6 scrolls of amnesia
 p - 9 scrolls of teleportation
 s - a scroll of summoning
 B - a scroll of silence
 I - 4 scrolls of enchant armour
 P - 3 scrolls of immolation
Potions
 e - 4 potions of magic
 v - 2 potions of brilliance
 w - a potion of haste
 z - a potion of heal wounds
 E - a potion of cancellation
 F - a potion of resistance
 G - 2 potions of stabbing
 H - 2 potions of flight
 L - a potion of ambrosia
 N - a potion of curing
Books
 y - a manual of Unarmed Combat


   Skills:
 + Level 13.0(18.0) Fighting
 + Level 11.9(16.9) Axes
 + Level 13.0(18.0) Armour
 + Level 11.6(16.6) Dodging
 + Level 12.1(17.1) Shields
 - Level 11.4 Invocations


You had 14 spell levels left.
You didn't know any spells.
Your spell library contained the following spells:

 Spells                   Type           Power        Failure   Level
 Beastly Appendage        Tmut           #.....       100%        1
 Freeze                   Ice            #...         100%        1
 Poisonous Vapours        Pois/Air       #.....       100%        2
 Wereblood                Tmut           #.......     100%        2
 Conjure Flame            Conj/Fire      #.......     100%        3
 Frozen Ramparts          Ice            #.....       100%        3
 Mephitic Cloud           Conj/Pois/Air  #.......     100%        3
 Ozocubu's Armour         Ice            #.......     100%        3
 Spider Form              Tmut/Pois      #.........   100%        3
 Animate Dead             Necr           #.........   100%        4
 Hailstorm                Conj/Ice       #.......     100%        4
 Ice Form                 Ice/Tmut       #.......     100%        4
 Summon Ice Beast         Ice/Summ       #.......     100%        4
 Agony                    Necr           #.......     100%        5
 Blade Hands              Tmut           #.........   100%        5
 Bolt of Magma            Conj/Fire/Erth #.........   100%        5
 Borgnjor's Vile Clutch   Necr/Erth      #.........   100%        5
 Iskenderun's Battlesphe  Conj           #.......     100%        5
 Death Channel            Necr           #.........   100%        6
 Freezing Cloud           Conj/Ice/Air   #.........   100%        6
 Iron Shot                Conj/Erth      #.........   100%        6
 Simulacrum               Ice/Necr       #.........   100%        6
 Orb of Destruction       Conj           #.........   100%        7
 Spellforged Servitor     Conj/Summ      #.........   100%        7


Dungeon Overview and Level Annotations

Branches:
Dungeon (13/15)            Temple (1/1) D:6            Lair (6/6) D:11
  Swamp (0/4) Lair:2       Spider (0/4) Lair:3        Slime (0/5) Lair:6
    Orc (0/2) D:10         Vaults (0/5) D:13        Gauntlet (visited)

Altars:
Ashenzari
Cheibriados
Dithmenos
Elyvilon
Fedhas
Gozag
Hepliaklqana
Kikubaaqudgha
Makhleb
Nemelex Xobeh
Okawaru
Qazlal
Ru
Sif Muna
Trog
Uskayaw
Vehumet
Wu Jian
Xom
Yredelemnul
Zin
The Shining One
Jiyva

Shops:
D:5 *   D:8 (   D:9 [*(?   D:10 :==(

Annotations:
D:9 3 runed translucent doors, lunkers's ghost, novice DDFi
D:13 Jorgrun
Lair:3 1 runed translucent door, tzalcoatl's ghost, journeyman MfMo


Innate Abilities, Weirdness & Mutations

You can be seen from farther away. (+LOS)
You can swim through water.
You cover ground slowly.
You can hop long distances.
Scrolls take you a little longer to read.
Armour fits poorly on your strangely shaped body.
Your body sometimes deteriorates upon taking damage.
You are dopey. (Int -2)
You occasionally shout uncontrollably at your foes.
You do not regenerate when monsters are visible.


Message History

The grasping roots constrict you!
The grasping roots release their grip on you.
Jorgrun casts a spell at you.
Roots burst forth from the earth!
The grasping roots grab you!
* * * LOW HITPOINT WARNING * * *
The grasping roots constrict you! Jorgrun casts a spell past you.
The wall shatters!
The blast of rock fragments hits you but does no damage.
* * * LOW HITPOINT WARNING * * *
The grasping roots constrict you. Jorgrun hits you but does no damage.
* * * LOW HITPOINT WARNING * * *
The grasping roots constrict you.
Jorgrun hits you with an uncursed staff of earth.
* * * LOW HITPOINT WARNING * * *
x2 The grasping roots constrict you!
Jorgrun hits you but does no damage.
You die...

#>#.# #.# #.# #.#.#
#<### #.#
#.#.###...# #.#
#......##.# #.#
###.##..#.# #.#
#.##..#.# #.#
#^##..#.# #.#
#.##..#.##.#.#
#....@.......#
##..[g...##.##
###########....#.##
#)...........)..##
#.#########....#
#.# #...## #.# #...
#.# #... #.#
###...#


You could see Jorgrun.

Vanquished Creatures
  Rupert (Lair:6)
  Kirke (Lair:5)
  A minotaur (Gauntlet)
  3 boulder beetles
  6 hydras
  A catoblepas (Lair:2)
  5 death yaks (D:11)
  A centaur warrior (D:13)
  2 death scarabs (Gauntlet)
  4 two-headed ogres
  2 unseen horrors
  A lindwurm (Lair:5)
  2 spectral hydras (Gauntlet)
  A deep elf mage (D:12)
  An oklob plant (Lair:1)
  A wolf spider (Lair:6)
  A manticore (D:12)
  A cyclops (D:12)
  13 black mambas
  A guardian serpent (Lair:6)
  A gargoyle (D:9)
  An ice statue (D:10)
  18 cane toads
  3 rime drakes
  Maggie (D:7)
  A kobold demonologist (D:13)
  8 komodo dragons
  3 polar bears
  4 trolls
  2 jumping spiders (Lair:3)
  4 hornets
  3 slime creatures (D:12)
  A tyrant leech (Gauntlet)
  26 blink frogs
  19 dream sheep
  Sigmund (D:5)
  2 wraiths
  10 wyverns
  3 redbacks (Lair:3)
  2 shadows
  2 hogs (Lair:5)
  48 yaks
  Grum (D:11)
  4 basilisks
  A steam dragon (D:13)
  Edmund (D:6)
  4 wargs (D:10)
  3 swamp worms (Gauntlet)
  29 water moccasins
  2 ice beasts
  Duvessa (D:5)
  5 orc warriors
  A sky beast (D:8)
  4 black bears
  2 necrophages
  7 phantoms
  7 ogres
  8 centaurs
  9 wolves
  3 big kobolds
  Blork the orc (D:6)
  21 bullfrogs
  Dowan (D:5)
  4 killer bees (D:11)
  2 scorpions
  6 wights
  7 howler monkeys
  5 centaur zombies
  5 orc priests
  4 bullfrog zombies
  4 hounds
  3 jellies
  14 orc wizards
  A centaur skeleton (D:5)
  A gnoll shaman (D:8)
  6 bullfrog skeletons
  Natasha (twice) (D:2)
  3 iguanas
  9 worker ants
  A killer bee zombie (D:5)
  A hound zombie (D:10)
  A hound skeleton (D:8)
  A howler monkey zombie (D:5)
  3 worker ant zombies
  5 gnolls (D:8)
  2 howler monkey skeletons
  3 river rats (Lair:4)
  8 adders
  3 shadow imps
  2 white imps
  2 ufetubi
  An ooze (D:3)
  2 adder zombies (D:5)
  A worm (D:4)
  3 adder skeletons
  2 dart slugs
  5 leopard geckos
  46 orcs
  3 giant cockroaches
  5 goblins
  7 hobgoblins
  9 jackals
  10 kobolds
  4 quokkas
  A ball python (D:1)
  15 bats
  6 frilled lizards
  A giant cockroach zombie (D:5)
  3 jackal zombies (D:5)
  2 quokka zombies
  5 rats
566 creatures vanquished.

Vanquished Creatures (others)
  A human (Lair:5)
  A jelly (D:13)
  An orc priest (D:13)
  A kobold (D:10)
  20 demonic plants (Gauntlet)
  29 fungi
  48 plants
  2 withered plants (D:5)
103 creatures vanquished.

Grand Total: 669 creatures vanquished

Notes
Turn   | Place    | Note
-------+----------+-------------------------------------------
     0 | D:1      | mattiecakes the Barachi Fighter began the quest for the
                  | Orb.
     0 | D:1      | Reached XP level 1. HP: 18/18 MP: 1/1
   150 | D:1      | Reached XP level 2. HP: 25/25 MP: 2/2
   535 | D:2      | Noticed Natasha
   541 | D:2      | Killed Natasha
   541 | D:2      | Reached skill level 1 in Dodging
   541 | D:2      | Reached XP level 3. HP: 29/30 MP: 3/3
   646 | D:2      | Found a white marble altar of Elyvilon.
   765 | D:2      | Found a hazy altar of Hepliaklqana.
   773 | D:2      | Reached XP level 4. HP: 35/37 MP: 4/4
   952 | D:2      | Noticed Natasha
   966 | D:2      | Killed Natasha
  1068 | D:3      | Reached XP level 5. HP: 24/43 MP: 5/5
  1728 | D:3      | Found a bloodstained altar of Trog.
  1901 | D:4      | Reached XP level 6. HP: 33/49 MP: 6/6
  2009 | D:4      | Found a snail-covered altar of Cheibriados.
  2057 | D:4      | Noticed a phantom
  2097 | D:4      | Killed a phantom
  2097 | D:4      | Reached skill level 5 in Fighting
  2097 | D:4      | Reached skill level 5 in Armour
  2579 | D:4      | Found a shadowy altar of Dithmenos.
  2876 | D:5      | Entered Level 5 of the Dungeon
  2877 | D:5      | Found a shadowy altar of Dithmenos.
  2887 | D:5      | Identified the Reference Book on Creative Stolen Souls
  2951 | D:5      | Reached XP level 7. HP: 56/56 MP: 7/7
  3141 | D:5      | Reached skill level 5 in Shields
  3542 | D:5      | Reached XP level 8. HP: 22/64 MP: 8/8
  3922 | D:5      | Noticed Dowan
  3923 | D:5      | Noticed Duvessa
  3933 | D:5      | Killed Dowan
  3933 | D:5      | Reached skill level 5 in Axes
  3939 | D:5      | Killed Duvessa
  4389 | D:5      | Found Gozag's Platinum Reserve.
  4389 | D:5      | Found an opulent altar of Gozag.
  4616 | D:5      | Found an ancient bone altar of Kikubaaqudgha.
  4660 | D:6      | Noticed a wraith
  4662 | D:6      | Noticed Sigmund
  4681 | D:5      | Killed a wraith
  4681 | D:5      | Reached skill level 5 in Dodging
  4957 | D:5      | Killed Sigmund
  4957 | D:5      | Reached XP level 9. HP: 16/71 MP: 9/9
  4982 | D:5      | HP: 3/71 [poisoned by Sigmund]
  4989 | D:5      | HP: 2/71 [poisoned by Sigmund]
  4994 | D:5      | HP: 2/71 [poisoned by Sigmund]
  4999 | D:5      | HP: 2/71 [poisoned by Sigmund]
  5005 | D:5      | HP: 2/71 [poisoned by Sigmund]
  5011 | D:5      | HP: 2/71 [poisoned by Sigmund]
  5533 | D:6      | Noticed Edmund
  5555 | D:6      | Killed Edmund
  5598 | D:6      | Got a pitted war axe
  5599 | D:6      | Identified the +8 war axe "Jelly's Curse" {vorpal, *Contam
                  | +Rage Dex+9 SInv} (You found it on level 6 of the Dungeon)
  5656 | D:6      | Noticed Blork the orc
  5657 | D:6      | Found a staircase to the Ecumenical Temple.
  5665 | D:6      | Killed Blork the orc
  5679 | Temple   | Entered the Ecumenical Temple
  5691 | Temple   | Became a worshipper of Warmaster Okawaru
  5908 | D:6      | Found an ornate altar of the Wu Jian Council.
  5934 | D:6      | Found a glowing golden altar of the Shining One.
  6156 | D:7      | Noticed Maggie
  6407 | D:7      | Killed Maggie
  6904 | D:7      | Found a sparkling altar of Nemelex Xobeh.
  7078 | D:8      | Found Peugh's Weapon Boutique.
  7141 | D:8      | Reached * piety under Okawaru
  7209 | D:8      | Noticed a two-headed ogre
  7227 | D:8      | Killed a two-headed ogre
  7227 | D:8      | Reached XP level 10. HP: 44/81 MP: 10/10
  7478 | D:8      | Reached ** piety under Okawaru
  8044 | D:9      | Found a runed translucent gate.
  8045 | D:9      | Found a runed translucent gate.
  8045 | D:9      | Found an opulent altar of Gozag.
  8046 | D:9      | Found a runed translucent gate.
  8050 | D:9      | Found Ruozeuda's Magic Scroll Emporium.
  8068 | D:9      | Bought a scroll of summoning for 133 gold pieces
  8068 | D:9      | Bought 3 scrolls of teleportation for 126 gold pieces
  8068 | D:9      | Bought a scroll of fear for 49 gold pieces
  8068 | D:9      | Bought 3 scrolls of identify for 84 gold pieces
  8068 | D:9      | Bought a scroll of teleportation for 42 gold pieces
  8209 | D:9      | Found a hazy altar of Hepliaklqana.
  8229 | D:9      | Found Foisuudu's Assorted Antiques.
  8238 | D:9      | Found Orezuace's Antique Armour Shop.
  8270 | D:9      | Reached *** piety under Okawaru
  8615 | D:9      | Found Ugarosk's Antique Weapon Emporium.
  8666 | D:9      | Noticed a boulder beetle
  8667 | D:9      | Noticed lunkers's ghost (novice DDFi)
  8667 | D:9      | Noticed a five-headed hydra
  8808 | D:9      | Bought a crude flail for 187 gold pieces
  8808 | D:9      | Identified the +2 flail of the Warrior-Mage {drain, rPois}
                  | (You bought it in a shop on level 9 of the Dungeon)
  8826 | D:10     | Entered Level 10 of the Dungeon
  8873 | D:10     | Found Jomaiz's Book Emporium.
  9101 | D:10     | Found Igujy's Jewellery Shop.
  9116 | D:10     | Found Eseppaiz's Jewellery Shoppe.
  9116 | D:10     | Noticed a gargoyle
  9118 | D:10     | Noticed a two-headed ogre
  9403 | D:9      | Killed a gargoyle
  9519 | D:10     | Killed a two-headed ogre
  9519 | D:10     | Reached XP level 11. HP: 89/89 MP: 8/11
  9523 | D:10     | Found a staircase to the Orcish Mines.
  9531 | D:10     | Reached **** piety under Okawaru
  9883 | D:11     | Noticed an unseen horror
  9888 | D:11     | Killed an unseen horror
  9986 | D:11     | Reached skill level 10 in Armour
 10121 | D:11     | Reached ***** piety under Okawaru
 10130 | D:11     | Reached skill level 10 in Fighting
 10243 | D:11     | Noticed a two-headed ogre
 10251 | D:11     | Killed a two-headed ogre
 10349 | D:11     | Noticed Grum
 10361 | D:11     | Killed Grum
 10389 | D:11     | Received a gift from Okawaru
 10415 | D:11     | Noticed a boulder beetle
 10440 | D:11     | Killed a boulder beetle
 10538 | D:11     | Found a staircase to the Lair.
 10541 | D:11     | Noticed a death yak
 10542 | D:11     | Noticed a death yak
 10543 | D:11     | Noticed a death yak
 10544 | D:11     | Noticed a death yak
 10547 | D:11     | Noticed a death yak
 10557 | D:11     | Killed a death yak
 10560 | D:11     | Killed a death yak
 10570 | D:11     | Killed a death yak
 10570 | D:11     | Reached XP level 12. HP: 53/99 MP: 12/12
 10580 | D:11     | Killed a death yak
 10580 | D:11     | Reached skill level 10 in Shields
 10593 | D:11     | Killed a death yak
 10874 | D:11     | Noticed a two-headed ogre
 10883 | D:11     | Killed a two-headed ogre
 11458 | D:12     | Found an opulent altar of Gozag.
 11506 | D:12     | You fall into a shaft and drop 1 floor!
 11506 | D:13     | Found a gate to the Vaults.
 11506 | D:13     | Noticed a vault guard
 11506 | D:13     | Noticed a vault guard
 11506 | D:13     | Noticed a vault guard
 11506 | D:13     | Noticed a vault guard
 11506 | D:13     | Noticed a centaur warrior
 11561 | D:13     | Received a gift from Okawaru
 11618 | D:13     | Noticed a centaur warrior
 11627 | D:13     | Killed a centaur warrior
 11659 | D:13     | Reached skill level 5 in Invocations
 11840 | D:12     | Noticed a six-headed hydra
 11843 | D:12     | Gained mutation: Scrolls take you a little longer to read.
                  | [mutagenic glow]
 11851 | D:12     | Killed a six-headed hydra
 12003 | D:12     | Noticed a six-headed hydra
 12015 | D:12     | Killed a six-headed hydra
 12023 | D:12     | Gained mutation: Your body sometimes deteriorates upon
                  | taking damage. [mutagenic glow]
 12028 | D:12     | Reached ****** piety under Okawaru
 12028 | D:12     | Received a gift from Okawaru
 12443 | D:12     | Received a gift from Okawaru
 12624 | D:8      | Got a crude rapier
 12627 | D:8      | Identified the +4 rapier "Orb Guardian's Death" {vorpal,
                  | +Fly Str-3 Dex+3} (You found it on level 8 of the Dungeon)
 12746 | Lair:1   | Entered Level 1 of the Lair of Beasts
 12847 | Lair:1   | Gained mutation: You can hop long distances. [Barachi
                  | growth]
 12847 | Lair:1   | Reached XP level 13. HP: 105/105 MP: 19/19
 12862 | Lair:1   | You fall into a shaft and drop 1 floor!
 13187 | Lair:1   | Found a gate leading to a gauntlet.
 13194 | Gauntlet | Entered a Gauntlet
 13194 | Gauntlet | Found a transporter.
 13194 | Gauntlet | Found a transporter.
 13197 | Gauntlet | Found a transporter.
 13198 | Gauntlet | Found a transporter.
 13199 | Gauntlet | Found a transporter.
 13207 | Gauntlet | Found a transporter.
 13207 | Gauntlet | Found a transporter.
 13273 | Gauntlet | Found a transporter.
 13283 | Gauntlet | Found a transporter.
 13298 | Gauntlet | Found a transporter.
 13300 | Gauntlet | Noticed a death ooze
 13308 | Gauntlet | Found a transporter.
 13323 | Gauntlet | Found a transporter.
 13715 | Gauntlet | Reached skill level 10 in Invocations
 13746 | Gauntlet | Got a wavering marble ring
 13748 | Gauntlet | Got a slimy whip
 13758 | Gauntlet | Identified the +2 whip "Jify" {pain, Dex+3} (You found it
                  | in a Gauntlet)
 13759 | Gauntlet | Identified the ring "Coebitot" {+Fly rF+ Str-4 Dex+7
                  | Slay+4} (You found it in a Gauntlet)
 13796 | Gauntlet | Identified the ring of Rimiel {+Blink +Fly rC- Str+4}
 13796 | Gauntlet | Noticed a minotaur
 13800 | Gauntlet | Killed a minotaur
 13800 | Gauntlet | Received a gift from Okawaru
 13808 | Gauntlet | Gained mutation: You do not regenerate when monsters are
                  | visible. [mutagenic glow]
 14979 | Lair:2   | Found a staircase to the Swamp.
 15143 | Lair:2   | Reached skill level 10 in Axes
 15262 | Lair:2   | Received a gift from Okawaru
 15267 | Lair:2   | Got a twisted robe {god gift}
 15270 | Lair:2   | Identified a scroll of acquirement
 15270 | Lair:2   | Acquired a +2 tower shield of poison resistance
 15283 | Lair:2   | Identified the +1 robe "Ceofeavoi" {Str+5 Int-3 Dex+9}
                  | (Okawaru gifted it to you on level 2 of the Lair of Beasts)
 15667 | Lair:3   | Reached skill level 10 in Dodging
 15714 | Lair:3   | Found a hole to the Spider Nest.
 15716 | Lair:3   | Reached XP level 14. HP: 113/113 MP: 22/22
 16335 | Lair:3   | Noticed tzalcoatl's ghost (journeyman MfMo)
 16338 | Lair:3   | Found a runed translucent door.
 16935 | Lair:4   | Got a pair of brightly glowing gloves
 16946 | Lair:4   | Identified the +2 pair of gloves of Wyitija {rPois SInv}
                  | (You found it on level 4 of the Lair of Beasts)
 17222 | Lair:5   | Received a gift from Okawaru
 17225 | Lair:5   | Got an ichor-stained broad axe {god gift}
 17226 | Lair:5   | Identified the +1 broad axe "Gaenoec" {vorpal, MR++}
                  | (Okawaru gifted it to you on level 5 of the Lair of Beasts)
 17244 | Lair:5   | Gained mutation: You are dopey. (Int -2) [mutagenic glow]
 17637 | Lair:5   | Noticed Kirke
 17652 | Lair:5   | Killed Kirke
 17895 | Lair:5   | Found a glowing silver altar of Zin.
 18226 | D:10     | Bought the amulet "Xeh Xakle" {Reflect rC+ Int+8 SH+5} for
                  | 729 gold pieces
 18253 | D:10     | Received a gift from Okawaru
 18583 | D:10     | Found Ohiurr's Antique Weapon Emporium.
 18891 | Lair:6   | Entered Level 6 of the Lair of Beasts
 19206 | Lair:6   | Found a viscous altar of Jiyva.
 19206 | Lair:6   | Found a staircase to the Slime Pits.
 19399 | Lair:6   | Reached XP level 15. HP: 99/122 MP: 23/23
 19411 | Lair:6   | Gained mutation: You occasionally shout uncontrollably at
                  | your foes. [mutagenic glow]
 19504 | Lair:6   | Noticed Rupert
 19522 | Lair:6   | Killed Rupert
 19671 | Lair:6   | Found a blossoming altar of Fedhas.
 20183 | Lair:6   | Gained mutation: Armour fits poorly on your strangely
                  | shaped body. [mutagenic glow]
 20561 | Lair:6   | Received a gift from Okawaru
 21107 | D:13     | Noticed Jorgrun
 21673 | D:13     | HP: 5/123 [Jorgrun/uncursed staff of earth (7)]
 21674 | D:13     | Slain by Jorgrun

Illustrated notes

Levels and vault maps discovered:
D:1:      minmay_arrival_arboretum_small, layout_rooms,
          hangedman_decor_clover_reticule, serial_bayou_pond_e
D:2:      layout_rooms, overflow_temple_1_default,
          nicolae_overflow_hidden_temple, kennysheep_generic_room_6,
          uniq_natasha
D:3:      layout_rooms, marbit_many_paths, serial_curves, eino_curves_01,
          eino_curves_01
D:4:      layout_loops_cross, kennysheep_little_box, old_standard_altar
D:5:      layout_loops_ring, nicolae_gozag_zags_fifth_avenue, kennysheep_mini,
          serial_undead, serial_undead_d, serial_undead_d, serial_undead_a,
          serial_undead_e, serial_undead_e, serial_undead_c, serial_undead_d,
          nicolae_dithmenos_shadow_blocks, uniq_duvessa
D:6:      layout_basic, overflow_temple_1_default, kennysheep_mini_moat,
          minmay_temple_entry_stoned_glass, uniq_blork_the_orc, uniq_sigmund,
          uniq_edmund
D:7:      layout_basic, old_standard_altar, uniq_maggie
D:8:      layout_rooms, serial_shops, nicolae_shop_crystal,
          minmay_misc_feat_encased, nzn_random_ring
D:9:      layout_small_grid, serial_shops, shop, shop, shop,
          nicolae_shop_waterfront, basic_altar, ebering_ghost_gozag
D:10:     layout_gridville, orc_0_dummy, serial_shops,
          nicolae_shop_temple_entry_statues_fountains, shop,
          nicolae_shop_waterfront, shop_fountains, minivault_16,
          columned_hall_lemuel, nooodl_orcs_dogs
D:11:     layout_rooms, dpeg_lair_monsters, uniq_grum
D:12:     layout_basic, basic_altar
D:13:     layout_loops_ring, lightli_vaults_fourway_checkpoint, uniq_jorgrun
Temple:   nicolae_temple_no_exploring_needed
Lair:1:   layout_regular_city, gauntlet_entry_generic, grunt_megastairs_3,
          infiniplex_staircase_pool_2, minmay_lair_oklob_chamber
Lair:2:   layout_cave_pods, swamp_mist, grunt_megastairs_1
Lair:3:   layout_cellular_growth, spider_nest_entry_a,
          hellmonk_ghost_happy_afterlife, roderic_batcave, patterned_corridor,
          grunt_megastairs_5
Lair:4:   layout_big_grid, pond, grunt_megastairs_2
Lair:5:   layout_long_grid, basic_altar, serial_bayou_pond_b,
          chequers_serial_rivers_room_b, uniq_kirke
Lair:6:   wormcave, layout_regular_city, hangedman_lair_tendril_chambers,
          slime_altar_1, basic_altar, uniq_rupert

Skill      XL: |  1  2  3  4  5  6  7  8  9 10 11 12 13 14 15 |
---------------+----------------------------------------------+-----
Fighting       | 4 5 6 8 9 10 11 12 13 | 13.0
Armour         | 4 5 6 7 8 9 10 11 12 13 | 13.0
Dodging        | 1 2 3 4 5 6 8 9 10 11 | 11.6
Axes           | 3 4 5 7 8 9 10 11 | 11.9
Shields        | 4 5 6 7 8 9 10 11 12 | 12.1
Invocations    | 8 11 | 11.4

Action                   |  1- 3 |  4- 6 |  7- 9 | 10-12 | 13-15 || total
-------------------------+-------+-------+-------+-------+-------++-------
Melee: War axe           |    90 |   205 |   329 |   467 |   701 ||  1792
       Unarmed           |       |       |    14 |       |       ||    14
       Demon whip        |       |       |       |    18 |    24 ||    42
Invok: Heroism           |       |       |       |     2 |     2 ||     4
Evoke: Wand              |       |       |       |       |     7 ||     7
  Use: Scroll            |       |     5 |     1 |    22 |    14 ||    42
       Potion            |       |       |     5 |       |     2 ||     7
 Stab: Petrified         |       |       |       |       |     2 ||     2
       Petrifying        |       |       |       |       |     1 ||     1
Armor: Scale mail        |    40 |   101 |   142 |    18 |       ||   301
       Plate armour      |       |       |       |   177 |   250 ||   427
Dodge: Dodged            |    40 |    89 |   120 |   203 |   258 ||   710
Block: Kite shield       |    57 |   107 |   183 |   308 |   135 ||   790
       Tower shield      |       |       |       |       |   621 ||   621
       Reflection        |       |       |       |       |     7 ||     7

Table legend: (Time is in decaauts)
 A = Elapsed time spent in this place.
 B = Non-inter-level travel time spent in this place.
 C = Inter-level travel time spent in this place.
 D = Time resting spent in this place.
 E = Time spent auto-exploring this place.
 F = Levels seen in this place.
 G = Mean time per level.
                   A        B        C        D        E       F      G
               +--------+--------+--------+--------+--------+-----+--------+
         Total |  24243 |  22813 |   1430 |   4618 |  13854 |  21 | 1154.4 |
       Dungeon |  15772 |  14804 |    968 |   3599 |   8437 |  13 | 1213.2 |
        Temple |     26 |     26 |      0 |      0 |      0 |   1 |   26.0 |
          Lair |   7700 |   7239 |    461 |    831 |   5106 |   6 | 1283.3 |
      Gauntlet |    744 |    744 |      0 |    188 |    310 |   1 |  744.0 |
               +--------+--------+--------+--------+--------+-----+--------+

Top non-repeatable levels by time:
     D:5: 2672 daAuts
  Lair:6: 2139 daAuts
    D:10: 1560 daAuts
    D:11: 1476 daAuts
    D:12: 1447 daAuts
  Lair:2: 1412 daAuts
     D:9: 1361 daAuts
  Lair:3: 1228 daAuts
     D:4: 1194 daAuts
  Lair:1: 1148 daAuts
     D:6: 1130 daAuts
  Lair:5: 1123 daAuts
     D:8: 1060 daAuts
     D:3: 907 daAuts
    D:13: 874 daAuts
